LNP
SALINAS PESCADORES @ CEIBA PICUDOS
04/18/1903
 
TOP OF THE 1ST
Salinas Pescadores batting - Pitching for Ceiba Picudos : RHP Kane O'Leary
Pitching: RHP Kane O'Leary
Batting: LHB Hortensio Mayorga 0-0: Ground out U3 (Groundball, 3L, EV 167 KM/H)
Batting: LHB Jorge Ramírez 0-0: Ground out 4-3 (Groundball, 4, EV 146 KM/H)
Batting: RHB Remigio Cruz 0-0: Ball
1-0: Ball
2-0: SINGLE (Groundball, 4MD, EV 152 KM/H)
Batting: LHB Mauro Rodríguez 0-0: Ball
1-0: Called Strike
Remigio Cruz steals 2nd base
1-1: Ball
Wild Pitch!
Remigio Cruz to third
2-1: Called Strike
2-2: Ball
3-2: Hit by Pitch
Batting: LHB Jon Pierce 0-0: Ball
1-0: Fly out, F9 (Flyball, 89S, EV 153 KM/H)
Top of the 1st over - 0 runs, 1 hit, 0 errors, 2 left on base; Salinas 0 - Ceiba 0
BOTTOM OF THE 1ST
Ceiba Picudos batting - Pitching for Salinas Pescadores : RHP Mike Bellenger
Pitching: RHP Mike Bellenger
Batting: RHB Otilio Valle 0-0: Foul Ball, location: 2F
0-1: Called Strike
0-2: Ball
1-2: Ball
2-2: Strikes out swinging
Batting: RHB Tito Rodríguez 0-0: Called Strike
0-1: Ball
1-1: Swinging Strike
1-2: SINGLE (Groundball, 4D, EV 156 KM/H)
Batting: RHB Menendo Tafoya 0-0: Foul Ball, location: 2F
0-1: Ball
1-1: Ball
2-1: Called Strike
Tito Rodríguez is caught stealing 2nd base 2-4
2-2: Foul Ball, location: 2F
2-2: Strikes out looking
Bottom of the 1st over - 0 runs, 1 hit, 0 errors, 0 left on base; Salinas 0 - Ceiba 0
TOP OF THE 2ND
Salinas Pescadores batting - Pitching for Ceiba Picudos : RHP Kane O'Leary
Batting: LHB Palamedes Moreno 0-0: Ground out U3 (Groundball, 34S, EV 130 KM/H)
Batting: RHB Hefesto García 0-0: Ball
1-0: Foul Ball, location: 9LDF
1-1: Fly out, F3 (Popup, 3SF, EV 137 KM/H)
Batting: LHB Elías Terrones 0-0: Fly out, F7 (Flyball, 7LD, EV 161 KM/H)
Top of the 2nd over - 0 runs, 0 hits, 0 errors, 0 left on base; Salinas 0 - Ceiba 0
BOTTOM OF THE 2ND
Ceiba Picudos batting - Pitching for Salinas Pescadores : RHP Mike Bellenger
Batting: RHB Ramón Álvarez 0-0: Ball
1-0: Reached on error, E3 (Groundball, 34, EV 140 KM/H)
Batting: RHB Sam Thompson 0-0: Called Strike
0-1: Ball
1-1: Ball
2-1: Fielders Choice at 2nd, 5-4 (Groundball, 5, EV 129 KM/H)
Batting: LHB Luis Chávez 0-0: Called Strike
0-1: Ball
1-1: Swinging Strike
1-2: Ball
2-2: Foul Ball, location: 2F
2-2: Fielders Choice at 2nd, 6-4 (Groundball, 6, EV 162 KM/H)
Batting: RHB Pedro Rivera 0-0: Ball
1-0: Ball
2-0: Ball
3-0: Called Strike
3-1: Fielders Choice at 2nd, 6-4 (Groundball, 6, EV 143 KM/H)
Bottom of the 2nd over - 0 runs, 0 hits, 1 error, 1 left on base; Salinas 0 - Ceiba 0
TOP OF THE 3RD
Salinas Pescadores batting - Pitching for Ceiba Picudos : RHP Kane O'Leary
Batting: RHB Catamantaloedes Reyes 0-0: Ball
1-0: Ground out 6-3 (Groundball, 6, EV 134 KM/H)
Batting: LHB Hortensio Mayorga 0-0: Called Strike
0-1: Ball
1-1: Ball
2-1: Ground out 4-3 (Groundball, 4, EV 138 KM/H)
Batting: LHB Jorge Ramírez 0-0: Foul Ball, location: 2LF
0-1: Fly out, F8 (Flyball, 8LD, EV 153 KM/H)
Top of the 3rd over - 0 runs, 0 hits, 0 errors, 0 left on base; Salinas 0 - Ceiba 0
BOTTOM OF THE 3RD
Ceiba Picudos batting - Pitching for Salinas Pescadores : RHP Mike Bellenger
Batting: RHB Hortensio Cisneros 0-0: Called Strike
0-1: Ball
1-1: Fly out, F9 (Flyball, 89M, EV 154 KM/H)
Batting: RHB Ángel Cancio 0-0: Ball
1-0: Foul Ball, location: 23FF
1-1: Swinging Strike
1-2: Ball
2-2: Foul Ball, location: 9LMF
2-2: Hit by Pitch
Batting: RHB Otilio Valle 0-0: Ball
1-0: Called Strike
1-1: Foul Ball, location: 2F
1-2: Ball
2-2: Foul Ball, location: 3F
2-2: Foul Ball, location: 2F
2-2: Foul Ball, location: 23F
2-2: Fly out, F8 (Line Drive, 8LD, EV 155 KM/H)
Batting: RHB Tito Rodríguez 0-0: Reached on error, E3 (Groundball, 3, EV 128 KM/H)
Ángel Cancio to second
Batting: RHB Menendo Tafoya 0-0: Fielders Choice at 2nd, 6-4 (Groundball, 6, EV 136 KM/H)
Bottom of the 3rd over - 0 runs, 0 hits, 1 error, 2 left on base; Salinas 0 - Ceiba 0
TOP OF THE 4TH
Salinas Pescadores batting - Pitching for Ceiba Picudos : RHP Kane O'Leary
Batting: RHB Remigio Cruz 0-0: Ball
1-0: Ball
2-0: Foul Ball, location: 9LDF
2-1: Foul Ball, location: 3FF
2-2: Strikes out looking
Batting: LHB Mauro Rodríguez 0-0: TRIPLE (Flyball, 89XD, EV 153 KM/H)
Batting: LHB Jon Pierce 0-0: Ball
1-0: Fly out, F2 (Popup, 2R, EV 145 KM/H)
Batting: LHB Palamedes Moreno 0-0: Foul Ball, location: 7LMFF
0-1: Swinging Strike
0-2: Strikes out looking
Top of the 4th over - 0 runs, 1 hit, 0 errors, 1 left on base; Salinas 0 - Ceiba 0
BOTTOM OF THE 4TH
Ceiba Picudos batting - Pitching for Salinas Pescadores : RHP Mike Bellenger
Batting: RHB Ramón Álvarez 0-0: Ground out 4-3 (Groundball, 4, EV 139 KM/H)
Batting: RHB Sam Thompson 0-0: Called Strike
0-1: Ball
1-1: Reached via error on a dropped throw from 3B, E3 (Groundball, 56, EV 172 KM/H)
Batting: LHB Luis Chávez 0-0: Swinging Strike
0-1: Ball
1-1: Ball
2-1: Ball
3-1: Fly out, F8 (Flyball, 89D, EV 164 KM/H)
Batting: RHB Pedro Rivera 0-0: Ball
1-0: Foul Ball, location: 9LMF
1-1: Swinging Strike
1-2: Ball
2-2: Foul Ball, location: 5F
2-2: Foul Ball, location: 25F
2-2: TRIPLE (Line Drive, 89XD, EV 168 KM/H)
Sam Thompson scores
Batting: RHB Hortensio Cisneros 0-0: Ball
1-0: Ground out 6-3 (Groundball, 6, EV 140 KM/H)
Bottom of the 4th over - 1 run, 1 hit, 1 error, 1 left on base; Salinas 0 - Ceiba 1
TOP OF THE 5TH
Salinas Pescadores batting - Pitching for Ceiba Picudos : RHP Kane O'Leary
Batting: RHB Hefesto García 0-0: Called Strike
0-1: Foul Ball, location: 2F
0-2: Fly out, F3 (Popup, 3SF, EV 109 KM/H)
Batting: LHB Elías Terrones 0-0: Ball
1-0: DOUBLE (Line Drive, 9LS, EV 178 KM/H)
Batting: RHB Catamantaloedes Reyes 0-0: Called Strike
0-1: Foul Ball, location: 25FF
0-2: Strikes out swinging
Batting: LHB Hortensio Mayorga 0-0: Swinging Strike
0-1: Swinging Strike
0-2: SINGLE (Groundball, 4MD, EV 151 KM/H)
Elías Terrones to third
Runner from 3rd tries for Home, throw by CF and OUT! 8-2
Top of the 5th over - 0 runs, 2 hits, 0 errors, 1 left on base; Salinas 0 - Ceiba 1
BOTTOM OF THE 5TH
Ceiba Picudos batting - Pitching for Salinas Pescadores : RHP Mike Bellenger
Batting: RHB Ángel Cancio 0-0: Fly out, F2 (Popup, 15S, EV 148 KM/H)
Batting: RHB Otilio Valle 0-0: Ball
1-0: Fly out, F8 (Flyball, 89M, EV 130 KM/H)
Batting: RHB Tito Rodríguez 0-0: Ball
1-0: Foul Ball, location: 2RF
1-1: Foul Ball, location: 9LMF
1-2: Foul Ball, location: 23F
1-2: Ball
2-2: Foul Ball, location: 5FF
2-2: Ball
3-2: Ground out 6-3 (Groundball, 6, EV 149 KM/H)
Bottom of the 5th over - 0 runs, 0 hits, 0 errors, 0 left on base; Salinas 0 - Ceiba 1
TOP OF THE 6TH
Salinas Pescadores batting - Pitching for Ceiba Picudos : RHP Kane O'Leary
Batting: LHB Jorge Ramírez 0-0: Ball
1-0: Ball
2-0: Fly out, F7 (Flyball, 7, EV 140 KM/H)
Batting: RHB Remigio Cruz 0-0: Ball
1-0: Ground out 1-3 (Groundball, 13S, EV 117 KM/H)
Batting: LHB Mauro Rodríguez 0-0: Foul Ball, location: 7LMF
0-1: Hit by Pitch
Batting: LHB Jon Pierce 0-0: Called Strike
0-1: Ball
Wild Pitch!
Mauro Rodríguez to second
1-1: Ball
2-1: Foul Ball, location: 7LMF
2-2: Ball
3-2: Fly out, F8 (Flyball, 8LD, EV 160 KM/H)
Top of the 6th over - 0 runs, 0 hits, 0 errors, 1 left on base; Salinas 0 - Ceiba 1
BOTTOM OF THE 6TH
Ceiba Picudos batting - Pitching for Salinas Pescadores : RHP Mike Bellenger
Batting: RHB Menendo Tafoya 0-0: Ball
1-0: Fly out, F8 (Flyball, 89M, EV 152 KM/H)
Batting: RHB Ramón Álvarez 0-0: Reached on error, E3 (Groundball, 34S, EV 135 KM/H)
Batting: RHB Sam Thompson 0-0: Called Strike
0-1: SINGLE (Line Drive, 34, EV 169 KM/H)
Ramón Álvarez to second
Batting: LHB Luis Chávez 0-0: Foul Ball, location: 2F
0-1: Ball
1-1: Ball
2-1: Fielders Choice at 2nd, 6-4 (Groundball, 6M, EV 141 KM/H)
Ramón Álvarez to third
Batting: RHB Pedro Rivera 0-0: Swinging Strike
0-1: Swinging Strike
0-2: Reached via error on a dropped throw from SS, E4 (Groundball, 6, EV 164 KM/H)
Ramón Álvarez scores
Luis Chávez to second
Batting: RHB Hortensio Cisneros 0-0: Fly out, F8 (Flyball, 89M, EV 144 KM/H)
Bottom of the 6th over - 1 run, 1 hit, 2 errors, 2 left on base; Salinas 0 - Ceiba 2
TOP OF THE 7TH
Salinas Pescadores batting - Pitching for Ceiba Picudos : RHP Kane O'Leary
Batting: LHB Palamedes Moreno 0-0: Ball
1-0: Called Strike
1-1: Fly out, F8 (Flyball, 8LD, EV 169 KM/H)
Batting: RHB Hefesto García 0-0: Hit by Pitch
Batting: LHB Elías Terrones 0-0: Ball
1-0: Ball
2-0: Ball
3-0: Foul Ball, location: 7LMF
3-1: Base on Balls
Hefesto García to second
Batting: RHB Catamantaloedes Reyes 0-0: Fielders Choice at 2nd, 4-6 (Groundball, 4, EV 142 KM/H)
Hefesto García to third
Batting: LHB Hortensio Mayorga 0-0: Ball
1-0: Swinging Strike
1-1: Fly out, F9 (Flyball, 9LSF, EV 127 KM/H)
Top of the 7th over - 0 runs, 0 hits, 0 errors, 2 left on base; Salinas 0 - Ceiba 2
BOTTOM OF THE 7TH
Ceiba Picudos batting - Pitching for Salinas Pescadores : RHP Mike Bellenger
Batting: RHB Ángel Cancio 0-0: Called Strike
0-1: Ball
1-1: Ball
2-1: Swinging Strike
2-2: Ball
3-2: Foul Ball, location: 25F
3-2: Strikes out swinging
Batting: RHB Otilio Valle 0-0: SINGLE (Groundball, 34D, EV 152 KM/H)
Batting: RHB Tito Rodríguez 0-0: Called Strike
0-1: SINGLE (Line Drive, 56D, EV 151 KM/H)
Otilio Valle to second
Batting: RHB Menendo Tafoya 0-0: Swinging Strike
0-1: Ball
1-1: SINGLE (Groundball, 6MD, EV 160 KM/H)
Otilio Valle to third
Tito Rodríguez to second
Batting: RHB Ramón Álvarez 0-0: Swinging Strike
0-1: Ball
1-1: Ball
2-1: Ball
3-1: Called Strike
3-2: Single, Error in OF, E9, batter to second base (Groundball, 34D, EV 159 KM/H)
Otilio Valle scores
Tito Rodríguez scores
Menendo Tafoya to third
Batting: RHB Sam Thompson 0-0: Ball
1-0: Foul Ball, location: 9LSF
1-1: DOUBLE (Line Drive, 9LS, EV 160 KM/H)
Menendo Tafoya scores
Ramón Álvarez scores
Batting: LHB Luis Chávez 0-0: Ball
1-0: Swinging Strike
1-1: Ball
2-1: SINGLE (Line Drive, 8LS, EV 149 KM/H)
Sam Thompson to third
Batting: RHB Pedro Rivera 0-0: Ball
Luis Chávez steals 2nd base
1-0: Swinging Strike
1-1: Ball
2-1: Fly out, F8 (Flyball, 8LD, EV 169 KM/H)
Batting: RHB Hortensio Cisneros 0-0: Ball
1-0: Ball
2-0: Called Strike
2-1: Called Strike
2-2: Foul Ball, location: 9LSF
2-2: Foul Ball, location: 23FF
2-2: Ball
3-2: Foul Ball, location: 9LMF
3-2: Base on Balls
Batting: RHB Ángel Cancio 0-0: Ball
1-0: Ball
2-0: Fly out, F9 (Flyball, 89D, EV 165 KM/H)
Bottom of the 7th over - 4 runs, 6 hits, 1 error, 3 left on base; Salinas 0 - Ceiba 6
TOP OF THE 8TH
Salinas Pescadores batting - Pitching for Ceiba Picudos : RHP Kane O'Leary
Batting: LHB Jorge Ramírez 0-0: Foul Ball, location: 2F
0-1: Ball
1-1: Ball
2-1: Ball
3-1: Ground out 4-3 (Groundball, 4, EV 163 KM/H)
Batting: RHB Remigio Cruz 0-0: Foul Ball, location: 2F
0-1: Swinging Strike
0-2: Ball
1-2: Fly out, F8 (Flyball, 78M, EV 152 KM/H)
Batting: LHB Mauro Rodríguez 0-0: Called Strike
0-1: Called Strike
0-2: Fly out, F7 (Line Drive, 7S, EV 165 KM/H)
Top of the 8th over - 0 runs, 0 hits, 0 errors, 0 left on base; Salinas 0 - Ceiba 6
BOTTOM OF THE 8TH
Ceiba Picudos batting - Pitching for Salinas Pescadores : RHP Mike Bellenger
Batting: RHB Otilio Valle 0-0: Called Strike
0-1: Ball
1-1: Swinging Strike
1-2: Ground out 4-3 (Groundball, 4, EV 172 KM/H)
Batting: RHB Tito Rodríguez 0-0: Called Strike
0-1: Ball
1-1: SINGLE (Groundball, 2L, EV 109 KM/H) (infield hit)
Batting: RHB Menendo Tafoya 0-0: Ball
Tito Rodríguez is caught stealing 2nd base 2-4
1-0: Foul Ball, location: 23F
1-1: Swinging Strike
1-2: Strikes out swinging
Bottom of the 8th over - 0 runs, 1 hit, 0 errors, 0 left on base; Salinas 0 - Ceiba 6
TOP OF THE 9TH
Salinas Pescadores batting - Pitching for Ceiba Picudos : RHP Kane O'Leary
Batting: LHB Jon Pierce 0-0: Ground out 4-3 (Groundball, 4MD, EV 160 KM/H)
Batting: LHB Palamedes Moreno 0-0: Called Strike
0-1: SINGLE (Line Drive, 8RS, EV 142 KM/H)
Batting: RHB Hefesto García 0-0: Called Strike
0-1: Grounds into double play, 6-4-3 (Groundball, 6, EV 166 KM/H)
Top of the 9th over - 0 runs, 1 hit, 0 errors, 0 left on base; Salinas 0 - Ceiba 6
Saturday, February 24th , 2024 - OOTP Baseball 24.11 Build 85